 Dungeon Crawl Stone Soup version 0.28-a0-1435-g82390b3a13 (webtiles) character file.

Game seed: 3908266141395943303

1124 Lekart the Skirmisher (level 8, 0/71 HPs)
             Began as a Purple Draconian Fighter on Jan 9, 2022.
             Was an Initiate of the Shining One.
             Slain by a hornet (1 damage)
             ... on level 7 of the Dungeon.
             The game lasted 00:08:31 (5577 turns).

Lekart the Skirmisher (Purple Draconian Fighter)    Turns: 5577, Time: 00:08:32

Health: 0/71       AC:  9    Str: 18    XL:     8   Next: 13%
Magic:  8/8        EV: 14    Int:  9    God:    the Shining One [......]
Gold:   221        SH:  6    Dex: 19    Spells: 7/7 levels left

rFire   x . .      SeeInvis .   w - +5 short sword "Nyosenn" {venom, rF- Dex+6}
rCold   . . .      Faith    .   b - +0 buckler
rNeg    . . .      Spirit   .   (armour unavailable)
rPois   .          Reflect  .   (helmet restricted)
rElec   .          Harm     .   t - +2 cloak
rCorr   .          Rampage  .   (no gloves)
Will    +....                   (no boots)
Stlth   +.........              (no amulet)
HPRegen 0.21/turn               A - ring of flight
MPRegen 0.11/turn               (no ring)

@: mighty, flying, glowing
A: breathe power, AC +6, unfitting armour, cold-blooded
a: Breathe Dispelling Energy, Renounce Religion


You were on level 7 of the Dungeon.
You worshipped the Shining One.
The Shining One was noncommittal.
You visited 2 branches of the dungeon, and saw 8 of its levels.
You also visited: Ossuary.

You collected 221 gold pieces.

Inventory:

Hand Weapons
 a - a +1 long sword
 w - the +5 short sword "Nyosenn" (weapon) {venom, rF- Dex+6}
   (You found it on level 5 of the Dungeon)

   It poisons the flesh of those it strikes.
   Dex:       It affects your dexterity (+6).
   rF:        It makes you vulnerable to fire.
Armour
 b - a +0 buckler (worn)
 t - a +2 cloak (worn)
Jewellery
 A - a ring of flight (left hand)
 C - a ring of see invisible
Wands
 x - a wand of polymorph (6)
Scrolls
 d - 3 scrolls of teleportation
 h - 4 scrolls of enchant weapon
 k - a scroll of summoning {unknown}
 l - a scroll of enchant armour {unknown}
 m - 5 scrolls of identify {unknown}
 n - 2 scrolls of blinking
 o - a scroll of silence {unknown}
 q - a scroll of vulnerability {unknown}
 s - 2 scrolls of immolation {unknown}
 u - a scroll of fear {unknown}
 y - 3 scrolls of brand weapon {unknown}
 D - a scroll of torment {unknown}
Potions
 c - 2 potions of brilliance {unknown}
 e - 4 potions of flight {unknown}
 f - a potion of might
 g - a potion of heal wounds {unknown}
 i - 3 potions of attraction {unknown}
 j - a potion of cancellation {unknown}
 p - 2 potions of mutation {unknown}
 r - a potion of curing
 v - a potion of haste {unknown}
 z - 2 potions of resistance {unknown}
 B - a potion of lignification {unknown}


   Skills:
 * Level 6.7 Fighting
 + Level 1.3(4.1) Short Blades
 + Level 6.2(6.3) Long Blades
 + Level 4.5 Dodging
 + Level 4.1 Shields


You had 7 spell levels left.
You didn't know any spells.
Your spell library contained the following spells:

 Spells                   Type           Power      Damage    Failure   Level
 Blink                    Tloc           0%         N/A       61%         2
 Scorch                   Fire           0%         2d5       61%         2
 Lesser Beckoning         Tloc           0%         N/A       83%         3
 Flame Wave               Conj/Fire      0%         2d4       99%         4
 Manifold Assault         Tloc           0%         N/A       100%        5
 Summon Cactus Giant      Summ           0%         N/A       100%        6


Dungeon Overview and Level Annotations

Branches:
Dungeon (7/15)             Temple (1/1) D:5         Ossuary (visited)

Altars:
Ashenzari
Cheibriados
Dithmenos
Elyvilon
Fedhas
Gozag
Hepliaklqana
Kikubaaqudgha
Makhleb
Nemelex Xobeh
Okawaru
Qazlal
Ru
Sif Muna
Trog
Uskayaw
Wu Jian
Xom
Yredelemnul
Zin
The Shining One

Shops:
D:4 =


Innate Abilities, Weirdness & Mutations

You can breathe bolts of dispelling energy.
Your rich purple scales are hard. (AC +6)
You cannot fit into any form of body armour.
You are cold-blooded and may be slowed by cold attacks.


Message History

There is a stone staircase leading up here.
Aiming: Polymorph
Press: ? - help, Shift-Dir - straight line, f - black bear
Aim: a black bear (will become a harpy, a shapeshifter, or a human, chance to affect: 49%)
The black bear evaporates and reforms as a harpy!
You hit the harpy.
The harpy is poisoned.
The harpy is lightly wounded.
The harpy claws you!
* * * LOW HITPOINT WARNING * * *
The harpy misses you.
You barely miss the harpy. You tail-slap the harpy.
The harpy is lightly wounded.
The harpy claws you.
* * * LOW HITPOINT WARNING * * *
The harpy closely misses you.
You feel better.
The harpy screeches!
The harpy claws you but does no damage. The harpy claws you!
* * * LOW HITPOINT WARNING * * *
You feel very mighty all of a sudden. The harpy claws you!
* * * LOW HITPOINT WARNING * * *
The harpy claws you but does no damage.
You hit the harpy.
The harpy looks as sick as possible!
The harpy is moderately wounded.
The harpy claws you. The Shining One protects you from harm!
The harpy claws you.
* * * LOW HITPOINT WARNING * * *
Aiming: Polymorph
Press: ? - help, Shift-Dir - straight line, f/p - harpy
Aim: a harpy (moderately wounded, extremely poisoned, will become a meliai, a hornet, or a sky beast, chance to affect: 49%)
The harpy evaporates and reforms as a hornet!
You hit the hornet.
The hornet is poisoned.
The hornet is lightly wounded.
The hornet barely misses you.
You puncture the hornet!
The hornet is heavily wounded.
The hornet barely misses you. The hornet stings you.
You die...

...####..... #
...#.......
.#.
.........##...
#............
#............
#.#...........
#.....y.....#
#...@......#
##.#..#....# #
#..# ... #...
. #.... ......
##..... ......


You could see a hornet (very poisoned).

Vanquished Creatures
  Sigmund (D:4)
  Menkaure (Ossuary)
  A sky beast (D:6)
  An ogre (D:5)
  A phantom (D:6)
  A scorpion (D:4)
  A centaur zombie (D:5)
  Natasha (D:3)
  Terence (D:2)
  3 iguanas
  A hound zombie (D:3)
  A hound skeleton (D:5)
  3 mummies (Ossuary)
  8 gnolls (D:4)
  9 adders
  A white imp (D:6)
  An adder skeleton (D:3)
  5 worms
  4 dart slugs
  4 orcs
  3 endoplasms
  3 giant cockroaches (D:1)
  6 gnoll zombies (Ossuary)
  4 hobgoblins
  3 quokkas
  8 ball pythons
  4 bats
  A frilled lizard (D:3)
  A giant cockroach zombie (D:3)
  6 gnoll skeletons (Ossuary)
  5 goblins
  4 goblin skeletons (Ossuary)
  7 goblin zombies (Ossuary)
  4 hobgoblin skeletons (Ossuary)
  3 hobgoblin zombies (Ossuary)
  7 kobolds
  4 kobold skeletons (Ossuary)
  3 kobold zombies (Ossuary)
  3 orc skeletons (Ossuary)
  3 orc zombies (Ossuary)
  2 quokka skeletons
  A quokka zombie (D:3)
  4 rats
  4 rat skeletons (Ossuary)
  3 rat zombies (Ossuary)
145 creatures vanquished.

Vanquished Creatures (others)
  2 plants (Temple)
2 creatures vanquished.

Grand Total: 147 creatures vanquished

Notes
Turn   | Place    | Note
-------+----------+-------------------------------------------
     0 | D:1      | Lekart the Draconian Fighter began the quest for the Orb.
     0 | D:1      | Reached XP level 1. HP: 19/19 MP: 1/1
    69 | D:1      | Found a faded altar of an unknown god.
   254 | D:1      | Reached XP level 2. HP: 24/26 MP: 2/2
   575 | D:1      | You fall into a shaft and drop 1 floor!
   585 | D:2      | Reached XP level 3. HP: 31/33 MP: 3/3
   876 | D:2      | Noticed Terence
   886 | D:2      | Killed Terence
   887 | D:2      | Reached XP level 4. HP: 37/40 MP: 4/4
  1569 | D:3      | Reached XP level 5. HP: 35/47 MP: 5/5
  1867 | D:3      | Noticed Natasha
  1886 | D:3      | Killed Natasha
  2461 | D:4      | Noticed Sigmund
  2475 | D:4      | Killed Sigmund
  2476 | D:4      | Reached skill level 5 in Fighting
  2476 | D:4      | Reached XP level 6. HP: 35/56 MP: 6/6
  2670 | D:4      | Found a sand-covered staircase.
  2677 | Ossuary  | Entered an ossuary
  2985 | Ossuary  | Reached skill level 5 in Long Blades
  3033 | Ossuary  | Noticed Menkaure
  3042 | Ossuary  | Killed Menkaure
  3043 | Ossuary  | Your scales start taking on a rich purple colour.
  3043 | Ossuary  | Reached XP level 7. HP: 14/62 MP: 7/7
  3351 | D:4      | Found Werphim's Jewellery Boutique.
  4384 | D:5      | Entered Level 5 of the Dungeon
  4384 | D:5      | Found a staircase to the Ecumenical Temple.
  4392 | D:5      | Identified the +5 short sword "Nyosenn" {venom, rF- Dex+6}
  4406 | Temple   | Entered the Ecumenical Temple
  4429 | Temple   | Became a worshipper of the Shining One
  5552 | D:6      | Reached XP level 8. HP: 71/71 MP: 8/8
  5564 | D:6      | Reached skill level 1 in Short Blades
  5569 | D:7      | Noticed a harpy
  5569 | D:7      | a black bear changed into a harpy
  5573 | D:7      | HP: 3/71 [harpy (13)]
  5574 | D:7      | The Shining One protects you from harm!
  5574 | D:7      | HP: 1/71 [harpy (2)]
  5575 | D:7      | Noticed a hornet
  5575 | D:7      | a harpy changed into a hornet
  5577 | D:7      | Slain by a hornet

Illustrated notes

Levels and vault maps discovered:
D:1:      minmay_arrival_four_houses, layout_basic, basic_ecumenical_altar,
          serial_glass, glass_columns_a, glass_columns_a, minmay_surrounded
D:2:      layout_rooms, corexii_shack, minmay_between, uniq_terence
D:3:      layout_loops_ring, serial_undead, serial_undead_a, serial_undead_a,
          serial_undead_c, serial_undead_c, uniq_natasha
D:4:      layout_loops_ring, nicolae_ossuary_entry_monument, serial_shops,
          nicolae_shop_stone, uniq_sigmund
D:5:      layout_loops_cross, minmay_temple_entry_offerings
D:6:      nicolae_cairo_tiling_very_big, layout_loops_corners,
          kennysheep_generic_room_16, uniq_edmund, uniq_grinder,
          uniq_blork_the_orc
D:7:      layout_cave_pools, uniq_harold
Temple:   mainiacjoe_temple_circle_huts

Skill      XL: |  1  2  3  4  5  6  7  8 |
---------------+-------------------------+-----
Dodging        | 3 4 |  4.5
Fighting       | 4 5 6 |  6.7
Long Blades    | 3 4 5 6 |  6.2
Shields        | 4 |  4.1
Short Blades   | 1 |  1.3

Action                   |  1- 3 |  4- 6 |  7- 9 || total
-------------------------+-------+-------+-------++-------
Melee: Long sword        |    82 |   233 |    59 ||   374
       Tailslap          |     5 |    29 |    29 ||    63
       Short sword       |       |       |    63 ||    63
 Abil: Breathe Dispellin |       |       |     1 ||     1
Evoke: Wand              |       |       |     2 ||     2
  Use: Scroll            |       |     3 |       ||     3
       Potion            |       |     1 |     3 ||     4
 Stab: Sleeping          |       |       |     1 ||     1
Armor: Skin              |    34 |    40 |    37 ||   111
Dodge: Dodged            |    56 |   108 |    81 ||   245
Block: Buckler           |    16 |    28 |    39 ||    83

Table legend: (Time is in decaauts)
 A = Elapsed time spent in this place.
 B = Non-inter-level travel time spent in this place.
 C = Inter-level travel time spent in this place.
 D = Time resting spent in this place.
 E = Time spent auto-exploring this place.
 F = Levels seen in this place.
 G = Mean time per level.
                   A        B        C        D        E       F      G
               +--------+--------+--------+--------+--------+-----+--------+
         Total |   5664 |   5603 |     61 |    316 |   4188 |   9 |  629.3 |
       Dungeon |   4659 |   4619 |     40 |    316 |   3536 |   7 |  665.6 |
        Temple |    332 |    311 |     21 |      0 |    271 |   1 |  332.0 |
       Ossuary |    672 |    672 |      0 |      0 |    381 |   1 |  672.0 |
               +--------+--------+--------+--------+--------+-----+--------+

Top non-repeatable levels by time:
     D:4: 1285 daAuts
     D:3: 1179 daAuts
     D:2: 748 daAuts
 Ossuary: 672 daAuts
     D:5: 663 daAuts
     D:1: 588 daAuts
  Temple: 332 daAuts
     D:6: 183 daAuts
     D:7: 9 daAuts
